 Dungeon Crawl Stone Soup version 0.31-a0-848-gaac375c287 (webtiles) character file.

Game seed: 18446738353783514142

52 croobank the Covert (level 3, 0/35 HPs)
             Began as a Gnoll Delver on Oct 4, 2023.
             Succumbed to an adder's poison
             ... on level 3 of the Dungeon.
             The game lasted 00:03:10 (570 turns).

croobank the Covert (Gnoll Delver)                   Turns: 570, Time: 00:03:10

Health: 0/35       AC:  3    Str: 11    XL:     3   Next: 85%
Magic:  4/4        EV: 13    Int: 11    God:
Gold:   29         SH:  0    Dex: 13    Spells: 4/4 levels left

rFire   . . .        b - +0 orcbow
rCold   . . .        (shield currently unavailable)
rNeg    . . .        j - +0 leather armour
rPois   .            (no helmet)
rElec   .            (no cloak)
rCorr   .            (no gloves)
SInv    .            (no boots)
Will    .....        (no amulet)
Stlth   ++++         (no ring)
HPRegen 0.25/turn    (no ring)
MPRegen 0.09/turn

%: no passive effects
@: lethally poisoned (0 -> -4), attractive, hasted, very quick
A: fangs 1, strong nose, distributed training
a: no special abilities


You were on level 3 of the Dungeon.
You visited 1 branch of the dungeon, and saw 3 of its levels.

You collected 29 gold pieces.

Inventory:

Hand Weapons
 a - a +0 short sword
 b - a +0 orcbow (weapon)
 l - a +0 dagger
 m - a +0 war axe
Armour
 j - a +0 leather armour (worn)
Wands
 g - a wand of digging (3)
 o - a wand of paralysis (4)
Scrolls
 c - a scroll of fog
 d - 2 scrolls of revelation
 i - 3 scrolls of identify {unknown}
 k - a scroll of blinking {unknown}
 n - a scroll of enchant weapon {unknown}


   Skills:
 + Level 6.5 Fighting
 + Level 4.6 Short Blades
 + Level 1.0 Long Blades
 + Level 1.0 Axes
 + Level 1.0 Maces & Flails
 + Level 1.0 Polearms
 + Level 1.0 Staves
 + Level 1.0 Ranged Weapons
 + Level 1.0 Throwing
 + Level 1.0 Armour
 + Level 4.6 Dodging
 + Level 9.6 Stealth
 + Level 1.0 Shields
 + Level 1.0 Unarmed Combat
 + Level 1.0 Spellcasting
 + Level 0.7 Conjurations
 + Level 0.7 Hexes
 + Level 0.7 Summonings
 + Level 0.7 Necromancy
 + Level 0.7 Translocations
 + Level 0.7 Transmutations
 + Level 0.7 Fire Magic
 + Level 0.7 Ice Magic
 + Level 0.7 Air Magic
 + Level 0.7 Earth Magic
 + Level 0.7 Poison Magic
 + Level 1.0 Invocations
 + Level 1.0 Evocations
 + Level 0.8 Shapeshifting


You had 4 spell levels left.
You didn't know any spells.
Your spell library contained the following spells:

 Spells                   Type           Power      Damage    Failure   Level
 Static Discharge         Conj/Air       4%         2-3/arc   43%         2
 Wereblood                Tmut           2%         N/A       43%         2
 Brom's Barrelling Bould  Conj/Erth      2%         2d3       97%         4


Dungeon Overview and Level Annotations

Branches:
Dungeon (5/15)
 Temple: D:4-7

Altars:

Annotations:
D:4 3 runed translucent doors, GreenGuy14's ghost, amateur MiFi


Innate Abilities, Weirdness & Mutations

You have very sharp teeth.
Your uncanny sense of smell can sniff out nearby items.
Your experience applies equally to all skills.


Message History

The adder closely misses you. The endoplasm misses you.
Fire: b) +0 orcbow
Press: ? - help, Q - select action, (/) - cycle Shift-Dir - straight line, f/p - adder
Aim: an adder (severely wounded, 29% to hit)
You shoot an arrow. The arrow closely misses the adder.
The arrow barely misses the jackal.
The jackal seems to regain its courage.
The adder bites you.
* * * LOW HITPOINT WARNING * * *
The endoplasm hits you but does no damage.
The adder bites you but does no damage.
Fire: b) +0 orcbow
Press: ? - help, Q - select action, (/) - cycle Shift-Dir - straight line, f/p - adder
Aim: an adder (severely wounded, 29% to hit)
You shoot an arrow. The arrow misses the adder.
The arrow hits the jackal.
The jackal is heavily wounded.
The endoplasm closely misses you. The adder bites you but does no damage.
Fire: b) +0 orcbow
Press: ? - help, Q - select action, (/) - cycle Shift-Dir - straight line, f/p - adder
Aim: an adder (severely wounded, 29% to hit)
You shoot an arrow. The arrow hits the adder.
The adder is almost dead.
The endoplasm freezes you.
You are frozen.
* * * LOW HITPOINT WARNING * * *
The adder bites you but does no damage.
Fire: b) +0 orcbow
Press: ? - help, Q - select action, (/) - cycle Shift-Dir - straight line, f/p - adder
Aim: an adder (almost dead, 29% to hit)
You shoot an arrow. The arrow closely misses the adder.
The arrow closely misses the jackal.
The adder bites you.
* * * LOW HITPOINT WARNING * * *
You are lethally poisoned!
The adder poisons you!
The endoplasm hits you but does no damage.
The adder completely misses you.
Okay, then.
It was a potion of attraction.
You feel attractive to monsters.
You die...

#.##................
.........###........
#...........)......
∆
######.r..<..#####.
###Jgg........
###h.h#..........
#...#.#..........
#.###h#...###....
#hS@Jg...... ....
........####.#..#..
... ....##.## $.
.... .. ... ..# ..##
.## b... ... b.. ∆ ∆
.?.#


You could see an adder, an endoplasm, 2 jackals and a hobgoblin.

Vanquished Creatures
  An orc priest (D:5)
  A worm (D:4)
  4 orcs (D:5)
  2 goblins (D:4)
  2 hobgoblins (D:4)
  A quokka (D:3)
  4 ball pythons (D:4)
  A frilled lizard (D:4)
  A rat (D:3)
17 creatures vanquished.

Notes
Turn   | Place    | Note
-------+----------+-------------------------------------------
     0 | D:5      | Reached skill level 9 in Stealth
     0 | D:5      | croobank the Gnoll Delver began the quest for the Orb.
     0 | D:5      | Reached XP level 1. HP: 23/23 MP: 1/1
    11 | D:4      | Found a runed translucent gate.
    11 | D:4      | Found a runed translucent gate.
    11 | D:4      | Found a runed translucent gate.
    15 | D:4      | Noticed an orc priest
    15 | D:4      | Noticed GreenGuy14's ghost (amateur MiFi)
    18 | D:4      | Identified the +1 leather armour "Xinyep" {rCorr Str+6}
    28 | D:4      | Got an upside-down book
    94 | D:4      | Reached XP level 2. HP: 29/29 MP: 2/2
   238 | D:5      | Reached skill level 1 in Invocations
   238 | D:5      | Reached XP level 3. HP: 12/35 MP: 2/4
   244 | D:5      | Reached skill level 1 in Long Blades
   244 | D:5      | Reached skill level 1 in Axes
   244 | D:5      | Reached skill level 1 in Maces & Flails
   244 | D:5      | Reached skill level 1 in Polearms
   244 | D:5      | Reached skill level 1 in Staves
   244 | D:5      | Reached skill level 1 in Ranged Weapons
   244 | D:5      | Reached skill level 1 in Throwing
   244 | D:5      | Reached skill level 1 in Armour
   244 | D:5      | Reached skill level 1 in Shields
   244 | D:5      | Reached skill level 1 in Unarmed Combat
   244 | D:5      | Reached skill level 1 in Spellcasting
   244 | D:5      | Reached skill level 1 in Evocations
   569 | D:3      | HP: 1/35 [adder (2)]
   570 | D:3      | Succumbed to an adder's poison

Illustrated notes

Levels and vault maps discovered:
D:3:      layout_rooms, gammafunk_ghost_arena
D:4:      layout_cave_pools, biasface_ghost_orc_armoury
D:5:      lemuel_ice_spiral_2, layout_basic, gup_sewer_entry_spiral

Skill      XL: |  1  2  3 |
---------------+----------+-----
Stealth        | |  9.6
Invocations    | 1 |  1.0
Long Blades    | 1 |  1.0
Axes           | 1 |  1.0
Maces & Flails | 1 |  1.0
Polearms       | 1 |  1.0
Staves         | 1 |  1.0
Ranged Weapons | 1 |  1.0
Throwing       | 1 |  1.0
Armour         | 1 |  1.0
Shields        | 1 |  1.0
Unarmed Combat | 1 |  1.0
Spellcasting   | 1 |  1.0
Evocations     | 1 |  1.0
Fighting       | |  6.5
Short Blades   | |  4.6
Dodging        | |  4.6
Conjurations   | |  0.7
Hexes          | |  0.7
Summonings     | |  0.7
Necromancy     | |  0.7
Translocations | |  0.7
Transmutations | |  0.7
Fire Magic     | |  0.7
Ice Magic      | |  0.7
Air Magic      | |  0.7
Earth Magic    | |  0.7
Poison Magic   | |  0.7
Shapeshifting  | |  0.8

Action                     || total
---------------------------++-------
  Melee: Short sword       ||     1
   Fire: Orcbow            ||    68
    Use: Potion            ||     2
         Scroll            ||     1
   Stab: Sleeping          ||     1
 Armour: Leather armour    ||    43
  Dodge: Dodged            ||    60

Table legend: (Time is in decaauts)
 A = Elapsed time spent in this place.
 B = Non-inter-level travel time spent in this place.
 C = Inter-level travel time spent in this place.
 D = Time resting spent in this place.
 E = Time spent auto-exploring this place.
 F = Levels seen in this place.
 G = Mean time per level.
                   A        B        C        D        E       F      G
               +--------+--------+--------+--------+--------+-----+--------+
         Total |    601 |    574 |     27 |    102 |    180 |   3 |  200.3 |
       Dungeon |    601 |    574 |     27 |    102 |    180 |   3 |  200.3 |
               +--------+--------+--------+--------+--------+-----+--------+

Top non-repeatable levels by time:
     D:5: 277 daAuts
     D:4: 235 daAuts
     D:3: 88 daAuts
